 Dungeon Crawl Stone Soup version 0.30-a0-989-g0d87f670db (webtiles) character file.

Game seed: 14104127285803178593

1555 Orangeyouglad the Trooper (level 9, -1/68 HPs)
             Began as a Human Wanderer on Apr 2, 2023.
             Was a Follower of Qazlal.
             Slain by a killer bee (7 damage)
             ... on level 9 of the Dungeon.
             The game lasted 00:22:34 (7009 turns).

Orangeyouglad the Trooper (Human Wanderer)          Turns: 7009, Time: 00:22:34

Health: -1/68      AC: 11    Str: 16    XL:     9   Next: 12%
Magic:  13/13      EV: 13    Int: 17    God:    Qazlal [*.....]
Gold:   333        SH:  8    Dex: 14    Spells: 7/14 levels left

rFire   . . .      SeeInvis .    q - +3 dagger
rCold   + + +      Faith    .    c - +1 buckler
rNeg    + . .      Spirit   .    A - +3 leather armour of Xyffeuq {rC+ Str+2 Int+4}
rPois   +          Reflect  .    (no helmet)
rElec   .          Rampage  .    y - +2 ratskin cloak {*Rats rPois rN+ Str-1 Int-1 Dex+1}
rCorr   +                        u - +0 pair of gloves
Will    +....                    (no boots)
Stlth   ++                       z - amulet of regeneration
HPRegen 1.11/turn                d - ring "Bucyqiud" {rC++ Will+ rCorr Stlth+}
MPRegen 0.13/turn                (no ring)

@: lethally poisoned (-1 -> -1)
A: no striking features
a: Renounce Religion


You were on level 9 of the Dungeon.
You worshipped Qazlal.
Qazlal was aware of your devotion.
You visited 1 branch of the dungeon, and saw 7 of its levels.

You collected 333 gold pieces.

Inventory:

Hand Weapons
 j - a +1 dagger of freezing
 q - a +3 dagger (weapon)
 B - a +2 heavy flail
Missiles
 k - 8 poisoned darts (quivered)
Armour
 b - a +2 scale mail
 c - a +1 buckler (worn)
 u - a +0 pair of gloves (worn)
 y - the +2 ratskin cloak (worn) {*Rats rPois rN+ Str-1 Int-1 Dex+1}
   (You found it on level 4 of the Dungeon)

   *Rats:     When the wearer is hurt, rats may emerge from it to assist them.
   Str:       It affects your strength (-1).
   Int:       It affects your intelligence (-1).
   Dex:       It affects your dexterity (+1).
   rPois:     It protects you from poison.
   rN:        It protects you from negative energy.
 A - the +3 leather armour of Xyffeuq (worn) {rC+ Str+2 Int+4}
   (You found it on level 4 of the Dungeon)

   Str:       It affects your strength (+2).
   Int:       It affects your intelligence (+4).
   rC:        It protects you from cold.
Jewellery
 d - the ring "Bucyqiud" (left hand) {rC++ Will+ rCorr Stlth+}
   (You took it off a goblin on level 3 of the Dungeon)

   [ring of resist corrosion]

   rC:        It greatly protects you from cold.
   rCorr:     It protects you from acid and corrosion.
   Will:      It increases your willpower.
   Stlth:     It makes you more stealthy.
 z - an amulet of regeneration (around neck)
Wands
 e - a wand of flame (16)
Scrolls
 h - a scroll of amnesia {unknown}
 l - 2 scrolls of magic mapping
 m - a scroll of teleportation
 o - a scroll of immolation {unknown}
 r - a scroll of fear {unknown}
 v - a scroll of noise {unknown}
 w - 3 scrolls of enchant weapon {unknown}
 C - a scroll of summoning {unknown}
Potions
 a - a potion of brilliance
 f - 2 potions of heal wounds
 g - a potion of haste {unknown}
 n - a potion of might {unknown}
 p - a potion of mutation {unknown}
 s - a potion of flight {unknown}
 t - 2 potions of degeneration {unknown}
 x - a potion of curing


   Skills:
 + Level 5.4 Fighting
 - Level 2.2 Long Blades
 - Level 1.0 Throwing
 - Level 5.0 Armour
 + Level 4.4 Dodging
 - Level 1.0 Stealth
 - Level 5.2 Shields
 + Level 3.2 Spellcasting
 + Level 2.3 Air Magic


You had 7 spell levels left.
You knew the following spells:

 Your Spells              Type           Power      Damage    Failure   Level
a - Airstrike             Air            5%         2d(1-17)  69%         4
b - Swiftness             Air            10%        N/A       30%         3

Your spell library contained the following spells:

 Spells                   Type           Power      Damage    Failure   Level
 Ensorcelled Hibernation  Hex/Ice        4%         N/A       38%         2
 Passwall                 Tmut/Erth      1%         N/A       38%         2
 Summon Lightning Spire   Summ/Air       6%         N/A       86%         4
 Anguish                  Hex/Necr       1%         N/A       95%         4
 Plasma Beam              Fire/Air       3%         2x1d9     99%         5
 Conjure Ball Lightning   Conj/Air       3%         3x3d6     100%        6
 Enfeeble                 Hex            1%         N/A       100%        7
 Discord                  Hex            1%         N/A       100%        8
 Disjunction              Tloc           1%         N/A       100%        8


Dungeon Overview and Level Annotations

Branches:
Dungeon (6/15)
 Temple: D:4-7

Altars:
Fedhas
Gozag
Kikubaaqudgha
Makhleb
Nemelex Xobeh
Qazlal
Trog
Xom
Zin

Shops:
D:1 (

Annotations:
D:2 Sigmund


Message History

Your hell rat dies!
The troll attacks as you move away! The troll barely misses you.
The troll claws you. You block the troll's attack.
The troll attacks as you move away! The troll bites you!
The troll closely misses you. You block the troll's attack.
As you read the scroll of teleportation, it crumbles to dust.
You feel strangely unstable. The troll bites you.
The troll claws you but does no damage. The troll barely misses you.
The troll attacks as you move away! The troll bites you but does no damage.
The troll claws you but does no damage. You block the troll's attack.
The troll attacks as you move away! The troll bites you. The troll claws you!
The troll claws you.
A yak comes into view.
Found a ring mail.
Your surroundings suddenly seem different. 5 killer bees and an electric eel come into view.
Found two stone staircases leading up.
The killer bee buzzes angrily. x4
The killer bee closely misses you.
The killer bee stings you but does no damage.
The killer bee stings you.
* * * LOW HITPOINT WARNING * * *
You are poisoned.
The killer bee poisons you! You block the killer bee's attack.
The killer bee closely misses you.
The yak moves out of view.
You hear a shout! x4
The killer bee attacks as you move away!
The killer bee barely misses you.
You feel sick. The killer bee stings you!
* * * LOW HITPOINT WARNING * * *
A river rat scurries out from under your cloak.
The killer bee stings you.
* * * LOW HITPOINT WARNING * * *
A hell rat scurries out from under your cloak.
You block the killer bee's attack.
The killer bee stings you but does no damage.
The killer bee stings you.
* * * LOW HITPOINT WARNING * * *
You hit the killer bee but do no damage.
You feel sick. The killer bee stings you!
You die...

*********************************
,,,,,,,,,,,,,,,,,,,,,,,,,,,,,,,,,
*****,,,,,,,,,,,,,,,,,,,,,,,,,,,,
*****,,,,,,,,,,,,,**************,
,,,,,,,,,,,,,,,,,,,,,,,,,,,,,,,,,
*******,,,,,,,,,,,,,,,,,,,,,,,,,,
*******,.##############.,,*******
,,,,,,,,......ry@yr<....,,,,,,,,,
,,,,,,,,<......yyy......,,,,,,,,,
,,,,,,,,♣♣♣♣♣.....~♣S...,,,,,,,,,
****,*#♣~~~~~♣♣P♣♣♣♣*♣#.*********
*,.~~~P~~~*♣♣♣~~~~*~,,,***
###.~~~~~~~~~~~~~~~~~~,,*~*
#........,,,,,,,,,,,,,,,~~*****
###...~~~P~~~~~~~~~~~~~~,~~~~~,,,
oT.....P~P~~~~~~~~~~~~~~,~~~~~~,,


You could see 5 killer bees, an electric eel, a friendly hell rat and a friendly
river rat.

Vanquished Creatures
  Edmund (D:5)
  Duvessa (D:5)
  2 ice beasts (D:5)
  A black bear (D:5)
  An ogre (D:3)
  A centaur (D:6)
  2 phantoms
  Dowan (D:5)
  A howler monkey (D:4)
  2 jellies (D:4)
  2 orc priests (D:2)
  A gnoll bouda (D:6)
  A hound (D:5)
  Jessica (D:2)
  3 orc wizards
  3 iguanas
  Ijyb (D:3)
  Robin (D:3)
  2 gnolls (D:6)
  10 adders
  A worm (D:3)
  3 dart slugs
  17 orcs
  3 bats
  6 endoplasms
  7 giant cockroaches
  10 goblins
  9 hobgoblins
  6 jackals (D:3)
  6 quokkas
  10 ball pythons
  3 frilled lizards
  5 kobolds
  5 rats
129 creatures vanquished.

Vanquished Creatures (collateral kills)
  An iguana (D:5)
  2 gnolls (D:6)
3 creatures vanquished.

Vanquished Creatures (others)
  A human (D:3)
1 creature vanquished.

Grand Total: 133 creatures vanquished

Notes
Turn   | Place    | Note
-------+----------+-------------------------------------------
     0 | D:1      | Orangeyouglad the Human Wanderer began the quest for the
                  | Orb.
     0 | D:1      | Orangeyouglad set off with the following items: a +0
                  | falchion, a +2 scale mail, a +0 buckler, a potion of
                  | lignification.
     0 | D:1      | Reached XP level 1. HP: 15/15 MP: 1/1
   114 | D:1      | Reached XP level 2. HP: 16/21 MP: 2/2
   171 | D:1      | Found Weeg's Weapon Shop.
   301 | D:1      | Reached XP level 3. HP: 17/26 MP: 3/3
   509 | D:2      | Noticed Sigmund
   807 | D:2      | Noticed Jessica
   835 | D:2      | Killed Jessica
   836 | D:2      | Reached XP level 4. HP: 32/33 MP: 4/4
  1506 | D:3      | Noticed Robin
  1561 | D:3      | Killed Robin
  1562 | D:3      | Reached XP level 5. HP: 39/39 MP: 5/5
  2010 | D:3      | Noticed an ogre
  2035 | D:3      | Killed an ogre
  2036 | D:3      | Reached skill level 1 in Dodging
  2036 | D:3      | Reached XP level 6. HP: 16/47 MP: 6/6
  2526 | D:3      | Noticed Ijyb
  2585 | D:3      | Killed Ijyb
  2594 | D:3      | Identified the ring "Bucyqiud" {rC++ Will+ rCorr Stlth+}
  2970 | D:3      | Found an ancient bone altar of Kikubaaqudgha.
  2971 | D:3      | Noticed a human
  2974 | D:3      | Killed a human
  4149 | D:4      | Found the +2 ratskin cloak {*Rats rPois rN+ Str-1 Int-1
                  | Dex+1}
  4200 | D:4      | Reached XP level 7. HP: 45/52 MP: 7/7
  4518 | D:4      | Found a blossoming altar of Fedhas.
  4600 | D:4      | Identified the +3 leather armour of Xyffeuq {rC+ Str+2
                  | Int+4}
  4700 | D:4      | Found a sparkling altar of Nemelex Xobeh.
  4814 | D:5      | Entered Level 5 of the Dungeon
  4879 | D:5      | Reached skill level 5 in Armour
  4887 | D:5      | Noticed Dowan
  4968 | D:4      | Reached skill level 1 in Spellcasting
  4973 | D:4      | Reached XP level 8. HP: 60/60 MP: 9/9
  5090 | D:5      | Noticed Duvessa
  5290 | D:5      | Learned a level 4 spell: Airstrike
  5454 | D:5      | Killed Duvessa
  5460 | D:5      | Found a bloodstained altar of Trog.
  5493 | D:5      | Killed Dowan
  5570 | D:5      | Noticed Edmund
  5601 | D:5      | Found a burning altar of Makhleb.
  5601 | D:5      | Found a shimmering altar of Xom.
  5602 | D:5      | Found a stormy altar of Qazlal.
  5658 | D:5      | Became a worshipper of Qazlal Stormbringer
  5716 | D:5      | Killed Edmund
  5717 | D:5      | Reached skill level 5 in Shields
  5864 | D:5      | Reached skill level 1 in Air Magic
  6110 | D:5      | Found an opulent altar of Gozag.
  6170 | D:5      | Found a glowing silver altar of Zin.
  6223 | D:5      | Reached skill level 5 in Fighting
  6575 | D:5      | Learned a level 3 spell: Swiftness
  6802 | D:6      | Reached XP level 9. HP: 68/68 MP: 13/13
  6841 | D:6      | Reached * piety under Qazlal
  6964 | D:6      | You fall into a shaft and drop 3 floors!
  6986 | D:9      | Noticed a two-headed ogre
  6993 | D:9      | Noticed a troll
  7009 | D:9      | Slain by a killer bee

Illustrated notes

Levels and vault maps discovered:
D:1:      minmay_arrival_statue_studded, layout_rooms, serial_shops,
          nicolae_diamond_shop, minmay_crystal_water
D:2:      cheibrodos_pilgrimage, layout_loops_corners, minmay_tromino_v4_b,
          uniq_sigmund, uniq_jessica
D:3:      kennysheep_goblin_castle, layout_loops_corners, tgw_kikubaaqudgha,
          nicolae_goblin_pals
D:4:      layout_basic, nemelex_dance_club_becter, fedhas_altar_1
D:5:      layout_basic, pdpol_temple_overflow_zin_treasury_gozag_greed,
          gammafunk_temple_overflow_claw, trog_book, uniq_duvessa, uniq_edmund
D:6:      layout_basic
D:9:      layout_long_grid, led_sif_pool, nicolae_vehumet_radiance,
          serial_bayou, serial_bayou_lagoon_b, serial_bayou_pond_e,
          serial_bayou_pond_e, serial_bayou_pond_d, serial_bayou_pond_c,
          serial_bayou_pond_e, minmay_alternating_orb

Skill      XL: |  1  2  3  4  5  6  7  8  9 |
---------------+----------------------------+-----
Fighting       | 2 3 4 5 |  5.4
Shields        | 3 4 5 |  5.2
Armour         | 4 5 |  5.0
Dodging        | 1 2 3 4 |  4.4
Spellcasting   | 1 2 3 |  3.2
Air Magic      | 1 2 |  2.3
Long Blades    | |  2.2
Throwing       | |  1.0
Stealth        | |  1.0

Action                     |  1- 3 |  4- 6 |  7- 9 || total
---------------------------+-------+-------+-------++-------
  Melee: Falchion          |    45 |       |       ||    45
         Dagger            |    57 |   282 |   507 ||   846
  Evoke: Wand              |       |       |     4 ||     4
    Use: Potion            |       |     2 |     3 ||     5
         Scroll            |       |     1 |     7 ||     8
   Stab: Sleeping          |       |       |     3 ||     3
         Distracted        |       |       |     1 ||     1
 Armour: Scale mail        |    63 |   144 |    33 ||   240
         Skin              |       |     4 |       ||     4
         Leather armour    |       |       |   151 ||   151
  Dodge: Dodged            |    35 |   111 |   247 ||   393
  Block: Buckler           |    19 |    65 |   146 ||   230

Table legend: (Time is in decaauts)
 A = Elapsed time spent in this place.
 B = Non-inter-level travel time spent in this place.
 C = Inter-level travel time spent in this place.
 D = Time resting spent in this place.
 E = Time spent auto-exploring this place.
 F = Levels seen in this place.
 G = Mean time per level.
                   A        B        C        D        E       F      G
               +--------+--------+--------+--------+--------+-----+--------+
         Total |   7024 |   6331 |    693 |   1062 |   2645 |   7 | 1003.4 |
       Dungeon |   7024 |   6331 |    693 |   1062 |   2645 |   7 | 1003.4 |
               +--------+--------+--------+--------+--------+-----+--------+

Top non-repeatable levels by time:
     D:3: 1841 daAuts
     D:2: 1419 daAuts
     D:5: 1353 daAuts
     D:4: 1273 daAuts
     D:1: 710 daAuts
     D:6: 381 daAuts
     D:9: 44 daAuts
